 Dungeon Crawl Stone Soup version 0.28.0-43-g3370ac3207 (webtiles) character file.

Game seed: 8773661982305761465

3095 pkoi the Zephyrmancer (level 9, -5/39 HPs)
             Began as a Spriggan Air Elementalist on Mar 8, 2022.
             Was a Follower of Sif Muna.
             Slain by a yak (10 damage)
             ... on level 8 of the Dungeon.
             The game lasted 00:17:52 (12248 turns).

pkoi the Zephyrmancer (Spriggan Air Elementalist)  Turns: 12248, Time: 00:17:53

Health: -5/39      AC:  2    Str:  4    XL:     9   Next: 59%
Magic:  17/17      EV: 26    Int: 24    God:    Sif Muna [*.....]
Gold:   376        SH:  0    Dex: 15    Spells: 7/18 levels left

rFire   . . .      SeeInvis +   t - +6 lajatang of Rorchoana {freeze, rElec Int+3}
rCold   + . .      Faith    .   (shield currently unavailable)
rNeg    . . .      Spirit   .   p - +0 robe {rC+}
rPois   .          Reflect  .   (helmet restricted)
rElec   +          Harm     .   (no cloak)
rCorr   .          Rampage  .   (gloves unavailable)
Will    +....                   (boots unavailable)
Stlth   +++.......              l - amulet of regeneration
HPRegen 0.93/turn               e - +4 ring of evasion
MPRegen 0.15/turn               a - +4 ring of evasion

@: very quick
A: very small, no large weapons, unfitting armour, see invisible, speed 3
a: Renounce Religion, Channel Magic


You were on level 8 of the Dungeon.
You worshipped Sif Muna.
Sif Muna was aware of your devotion.
You visited 2 branches of the dungeon, and saw 9 of its levels.

You collected 376 gold pieces.

Inventory:

Hand Weapons
 b - a +1 trident of protection
 g - the +1 hand axe of Certain Death {holy, Dex+7}
   (You found it on level 4 of the Dungeon)

   It has been blessed by the Shining One to cause great damage to the undead
   and demons.
   Dex:       It affects your dexterity (+7).
 t - the +6 lajatang of Rorchoana (weapon) {freeze, rElec Int+3}
   (You found it on level 6 of the Dungeon)

   It freezes those it strikes, dealing additional cold damage.
   It can also slow down cold-blooded creatures.
   Int:       It affects your intelligence (+3).
   rElec:     It insulates you from electricity.
Missiles
 q - 3 datura-tipped darts
Armour
 p - a +0 robe of cold resistance (worn)
Jewellery
 a - a +4 ring of evasion (right hand)
 e - a +4 ring of evasion (left hand)
 j - an amulet of faith
 l - an amulet of regeneration (around neck)
 v - a ring of willpower
Wands
 c - a wand of polymorph (2)
 m - a wand of mindburst (7)
 n - a wand of flame (31)
Scrolls
 h - a scroll of identify
 k - a scroll of fear
 o - 2 scrolls of teleportation
 s - 2 scrolls of fog
 w - 3 scrolls of blinking
 x - a scroll of amnesia
 y - a scroll of immolation {unknown}
Potions
 d - a potion of magic
 f - a potion of resistance
 i - a potion of invisibility
 r - 2 potions of brilliance
 u - a potion of curing


   Skills:
 - Level 3.7 Dodging
 - Level 4.1 Stealth
 + Level 5.2 Spellcasting
 - Level 3.0 Conjurations
 + Level 8.2 Translocations
 * Level 10.0 Air Magic


You had 7 spell levels left.
You knew the following spells:

 Your Spells              Type           Power      Damage    Failure   Level
a - Shock                 Conj/Air       100%       1d9       1%          1
b - Swiftness             Air            53%        N/A       1%          3
c - Airstrike             Air            26%        N/A       1%          4
d - Gell's Gravitas       Tloc           46%        N/A       1%          3

Your spell library contained the following spells:

 Spells                   Type           Power      Damage    Failure   Level
 Static Discharge         Conj/Air       37%        N/A       1%          2
 Teleport Other           Tloc           46%        N/A       1%          3
 Portal Projectile        Hex/Tloc       52%        N/A       4%          3
 Beastly Appendage        Tmut           12%        N/A       9%          1
 Wereblood                Tmut           6%         N/A       13%         2
 Call Canine Familiar     Summ           6%         N/A       26%         3
 Spider Form              Tmut/Pois      6%         N/A       26%         3
 Dispersal                Tloc           23%        N/A       41%         6
 Iskenderun's Battlesphe  Conj           20%        2d7       56%         5
 Leda's Liquefaction      Hex/Erth       3%         N/A       65%         4
 Conjure Ball Lightning   Conj/Air       18%        3x3d6     65%         6
 Fireball                 Conj/Fire      6%         3d5       78%         5
 Orb of Destruction       Conj           10%        9d6       100%        7
 Chain Lightning          Conj/Air       18%        3d24      100%        9
 Fire Storm               Conj/Fire      6%         8d2       100%        9
 Shatter                  Erth           3%         3d7*      100%        9


Dungeon Overview and Level Annotations

Branches:
Dungeon (8/15)             Temple (1/1) D:4
   Lair: D:8-11

Altars:
Ashenzari
Cheibriados
Dithmenos
Elyvilon
Fedhas
Gozag
Hepliaklqana
Kikubaaqudgha
Makhleb
Nemelex Xobeh
Okawaru
Qazlal
Sif Muna
Trog
Uskayaw
Vehumet
Wu Jian
Xom
Zin
The Shining One

Shops:
D:7 :

Annotations:
D:8 Psyche


Innate Abilities, Weirdness & Mutations

You are very small and have problems with some larger weapons.
You are too small for most types of armour.
You have supernaturally acute eyesight. (SInv)
You cover ground extremely quickly. (Speed+++)


Message History

The centaur shoots an arrow.
The arrow misses you.
You climb upwards.
There is a stone staircase leading down here.
An ogre is nearby!
The ogre shouts!
You start resting.
An ogre is nearby!
There is a stone staircase leading up here.
You climb upwards.
There is a stone staircase leading down here.
You start resting.
Magic restored.
Things that are here:
a scroll of noise; a +0 scale mail; a +0 flail of venom
There is an escape hatch in the floor here.
You slide downwards.
The hatch slams shut behind you.
Unknown command.
Unknown command.
Done exploring.
You see here a +0 rapier.
There is a stone staircase leading down here.
The air twists around and strikes the ogre!
The ogre is severely wounded.
The air twists around and strikes the ogre!
You kill the ogre!
Sif Muna accepts your kill.
Your Air Magic skill increases to level 10!
You can't see any susceptible monsters within range! (Use Z to cast anyway.)
You start resting.
Magic restored.
There is a stone staircase leading down here.
You climb downwards.
Level annotation: Psyche Psyche hits you with a +2 dagger of chaos.
Psyche burns you. The yak gores you!
* * * LOW HITPOINT WARNING * * *
The yak gores you!
* * * LOW HITPOINT WARNING * * *
The yak gores you!
You die...

##.... .#.. ###......
.... ....#.... .....
##.... .)#### ..... ....
....### ..... ###.#
###......
.....##...#####..[.....
#..Y........#......
#@@Y....#####......
#.....Y......#....@..###
##...................#
#...##.#..###c.......#
#.. ####.# #.Y.....## ..
### #.......# #
#.รท......# ..#.......#
###....>...


You could see Psyche, 4 yaks and a centaur.

Vanquished Creatures
  Prince Ribbit (D:7)
  Sigmund (D:6)
  A yak (D:8)
  Menkaure (D:7)
  Edmund (D:6)
  A water moccasin (D:6)
  Duvessa (D:7)
  An orc warrior (D:4)
  A sky beast (D:7)
  2 black bears (D:6)
  A centaur (D:6)
  2 ice beasts
  An ogre (D:7)
  4 phantoms
  4 bullfrogs
  A water moccasin zombie (D:5)
  A wyvern skeleton (D:6)
  Dowan (D:7)
  2 howler monkeys (D:7)
  A bullfrog zombie (D:5)
  A centaur zombie (D:7)
  An orc priest (D:6)
  3 hounds
  3 bullfrog skeletons
  Terence (D:2)
  Ijyb (D:3)
  2 iguanas
  2 orc wizards
  7 gnolls
  8 adders
  2 white imps
  5 dart slugs
  13 orcs
  5 ball pythons
  6 bats
  5 endoplasms
  5 giant cockroaches
  5 goblins
  3 hobgoblins (D:1)
  7 kobolds
  3 quokkas
  A frilled lizard (D:1)
  2 rats
120 creatures vanquished.

Vanquished Creatures (others)
  20 plants (D:3)
20 creatures vanquished.

Grand Total: 140 creatures vanquished

Notes
Turn   | Place    | Note
-------+----------+-------------------------------------------
     0 | D:1      | pkoi the Spriggan Air Elementalist began the quest for the
                  | Orb.
     0 | D:1      | Reached XP level 1. HP: 9/9 MP: 5/5
    83 | D:1      | Reached skill level 1 in Conjurations
   108 | D:1      | Reached XP level 2. HP: 8/13 MP: 0/6
   252 | D:1      | Reached skill level 3 in Air Magic
   443 | D:1      | Found a faded altar of an unknown god.
   710 | D:1      | Reached XP level 3. HP: 16/16 MP: 6/8
  1109 | D:2      | Noticed Terence
  2158 | D:2      | Killed Terence
  2159 | D:2      | Reached XP level 4. HP: 21/21 MP: 1/10
  2364 | D:2      | Learned a level 3 spell: Swiftness
  2369 | D:2      | Learned a level 4 spell: Airstrike
  3734 | D:3      | Reached XP level 5. HP: 24/24 MP: 0/11
  4468 | D:4      | Noticed Ijyb
  4477 | D:3      | Killed Ijyb
  4564 | D:4      | Found a sparkling altar of Nemelex Xobeh.
  4571 | D:4      | Found a staircase to the Ecumenical Temple.
  4589 | D:4      | Identified the +1 hand axe of Certain Death {holy, Dex+7}
  4915 | Temple   | Entered the Ecumenical Temple
  5155 | D:4      | Found a shimmering altar of Xom.
  5185 | D:4      | Reached skill level 4 in Air Magic
  5362 | D:4      | Found a radiant altar of Vehumet.
  5383 | D:4      | Noticed an orc warrior
  5749 | D:4      | Reached XP level 6. HP: 28/28 MP: 3/12
  6082 | D:4      | Killed an orc warrior
  6083 | D:4      | Reached skill level 5 in Air Magic
  6151 | D:4      | Found a shimmering blue altar of Sif Muna.
  6240 | D:4      | Became a worshipper of Sif Muna the Loreminder
  6497 | D:4      | Found a burning altar of Makhleb.
  6498 | D:4      | Found a shadowy altar of Dithmenos.
  6601 | D:4      | Learned a level 3 spell: Gell's Gravitas
  6628 | D:5      | Entered Level 5 of the Dungeon
  6794 | D:5      | Reached skill level 1 in Translocations
  6997 | D:5      | Found a blossoming altar of Fedhas.
  6997 | D:5      | Found an ancient bone altar of Kikubaaqudgha.
  7289 | D:5      | Reached XP level 7. HP: 32/32 MP: 7/13
  7356 | D:5      | Found a hide-covered altar of Uskayaw.
  7542 | D:5      | Reached skill level 6 in Air Magic
  8252 | D:6      | Reached skill level 7 in Air Magic
  8253 | D:6      | Noticed Edmund
  8258 | D:6      | Reached XP level 8. HP: 23/36 MP: 3/14
  8259 | D:6      | Reached skill level 5 in Translocations
  8552 | D:6      | Noticed Sigmund
  8605 | D:6      | Killed Sigmund
  8811 | D:6      | Killed Edmund
  8942 | D:6      | Reached skill level 8 in Air Magic
  9370 | D:6      | Reached * piety under Sif Muna
  9532 | D:6      | Found a glowing golden altar of the Shining One.
  9966 | D:6      | Identified the +6 lajatang of Rorchoana {freeze, rElec
                  | Int+3}
  9986 | D:7      | Noticed Prince Ribbit
  9994 | D:7      | Killed Prince Ribbit
  9995 | D:7      | Reached skill level 9 in Air Magic
  9995 | D:7      | Reached XP level 9. HP: 39/39 MP: 2/15
 10310 | D:7      | Noticed Menkaure
 10312 | D:7      | Killed Menkaure
 10705 | D:7      | Found Pukkeu Esai's Book Boutique.
 11486 | D:7      | Noticed Duvessa
 11486 | D:7      | Noticed Dowan
 11500 | D:7      | Killed Duvessa
 11523 | D:7      | Killed Dowan
 11527 | D:7      | Found a broken altar of Ashenzari.
 12042 | D:8      | Noticed Psyche
 12046 | D:8      | Reached skill level 5 in Spellcasting
 12187 | D:7      | Reached skill level 10 in Air Magic
 12248 | D:8      | Slain by a yak

Illustrated notes

Levels and vault maps discovered:
D:1:      dpeg_arrival_round_c, layout_basic, dreamdust_ecumenical_altar_statues
D:2:      layout_loops_corners, uniq_terence
D:3:      layout_basic, serial_bayou_lagoon_a
D:4:      layout_rooms, brannock_xom_greatest_gift, makhleb_heckhound_becter,
          nicolae_overflow_hidden_temple, vehumet_altar_wand_db,
          lemuel_tele_altar, lemuel_blue_sif_altar, temple_pool_b,
          minmay_small_thing, uniq_ijyb
D:5:      layout_loops_corners, grunt_temple_overflow_growth_and_decay,
          mainiacjoe_overflow_concentric_impassable
D:6:      layout_basic, tso_altar, uniq_edmund, uniq_sigmund
D:7:      layout_cave_pools, ashenzari_altar_1, serial_shops,
          nicolae_shop_crystal, kennysheep_generic_room_8, uniq_menkaure,
          uniq_duvessa, uniq_prince_ribbit1
D:8:      layout_rooms, grunt_ogre_cave, kb_rosetta, uniq_psyche, uniq_pikel,
          uniq_harold
Temple:   jpeg_temple_island

Skill      XL: |  1  2  3  4  5  6  7  8  9 |
---------------+----------------------------+-----
Conjurations   | 1 2 3 |  3.0
Air Magic      | 3 4 5 7 9 10 | 10.0
Spellcasting   | 3 5 |  5.2
Dodging        | 3 |  3.7
Stealth        | 4 |  4.1
Translocations | 2 4 7 8 |  8.2

Action                   |  1- 3 |  4- 6 |  7- 9 || total
-------------------------+-------+-------+-------++-------
Melee: Trident           |     9 |    41 |    14 ||    64
       Unarmed           |       |     7 |       ||     7
 Cast: Shock             |    77 |   146 |   132 ||   355
       Airstrike         |       |       |    49 ||    49
  Use: Scroll            |       |     8 |     4 ||    12
       Potion            |       |     5 |       ||     5
 Stab: Sleeping          |       |     1 |     1 ||     2
Armor: Robe              |     1 |       |     2 ||     3
       Skin              |       |     1 |       ||     1
Dodge: Dodged            |    13 |    56 |    48 ||   117
